Workbook

Sheet Inputs
A1: SAMPLE - fictional business - all figures are assumptions for demonstration
A3: Input | B3: Value
A4: Loan amount | B4: 85000
A5: Loan interest rate (annual) | B5: 0.105
A6: Loan term (years) | B6: 10
A7: Owner equity | B7: 15000
A8: Average ticket, year 1 ($) | B8: 95
A9: Annual price increase | B9: 0.04
A10: Max grooms/day (owner van) | B10: 6
A11: Working days per month | B11: 22
A12: Utilization year 2 | B12: 0.88
A13: Utilization year 3 | B13: 0.9
A14: Second groomer start month | B14: 25
A15: Second groomer wage ($/mo, incl. payroll tax) | B15: 3200
... A31: Depreciation life (years) | B31: 5
A33: Utilization ramp, months 1-12
A34: Month | B34: 1 | C34: 2 | D34: 3 | E34: 4 | F34: 5 | G34: 6 | H34: 7 | I34: 8 | J34: 9 | K34: 10 | L34: 11 | M34: 12
A35: Utilization | B35: 0.35 | C35: 0.45 | D35: 0.55 | E35: 0.62 | F35: 0.68 | G35: 0.73 | H35: 0.77 | I35: 0.8 | J35: 0.83 | K35: 0.85 | L35: 0.85 | M35: 0.85
A37: Sources & Uses
A38: Grooming van (built-out) | B38: 72000
A39: Grooming equipment & tools | B39: 9000
A40: Licences, deposits, branding, website | B40: 4000
A41: Working capital reserve | B41: 15000
A42: Total uses | B42: =SUM(B38:B41) -> 100000
A43: Sources: SBA 7(a) loan | B43: =Inputs!$B$4 -> 85000
A44: Sources: owner equity | B44: =Inputs!$B$7 -> 15000

Sheet Monthly
A1: Month | B1: Year | C1: Utilization | D1: Avg ticket | E1: Owner grooms | F1: Groomer 2 grooms | G1: Revenue | H1: Supplies | I1: Card fees | J1: Gross profit | K1: Groomer 2 wages | L1: Owner draw | M1: Fuel+gen | N1: Insurance | O1: Maintenance | P1: Software | Q1: Marketing | R1: Phone | S1: Accounting | T1: Van 2 lease | U1: Licences | V1: Total opex | W1: EBITDA | X1: Depreciation | Y1: Interest | Z1: Net income (pre-tax) | AA1: Principal | AB1: Cash flow after debt service | AC1: Cumulative cash (incl. reserve)
A2: 1 | B2: =INT((A2-1)/12)+1 -> 1 | C2: =Inputs!B$35 -> 0.35 | D2: =Inputs!$B$8*(1+Inputs!$B$9)^(B2-1) -> 95 | E2: =Inputs!$B$10*Inputs!$B$11*C2 -> 46.2 | F2: =IF(A2>=Inputs!$B$14,Inputs!$B$16*Inputs!$B$11*C2,0) -> 0 | G2: =(E2+F2)*D2 -> 4389 | H2: =G2*Inputs!$B$19 -> 263.34 | I2: =G2*Inputs!$B$20 -> 127.281 | J2: =G2-H2-I2 -> 3998.379 | K2: =IF(A2>=Inputs!$B$14,Inputs!$B$15,0) -> 0 | L2: =Inputs!$B$18 -> 3500 | M2: =Inputs!$B$21*IF(A2>=Inputs!$B$14,1.6,1) -> 900 | N2: =Inputs!$B$22 -> 350 | O2: =Inputs!$B$23 -> 250 | P2: =Inputs!$B$24 -> 80 | Q2: =IF(A2<=6,Inputs!$B$25,Inputs!$B$26) -> 600 | R2: =Inputs!$B$27 -> 60 | S2: =Inputs!$B$28 -> 150 | T2: =IF(A2>=Inputs!$B$14,Inputs!$B$17,0) -> 0 | U2: =Inputs!$B$29 -> 50 | V2: =SUM(K2:U2) -> 5940 | W2: =J2-V2 -> -1941.621 | X2: =Inputs!$B$30/(Inputs!$B$31*12) -> 1350 | Y2: =IPMT(Inputs!$B$5/12,A2,Inputs!$B$6*12,-Inputs!$B$4) -> 743.75 | Z2: =W2-X2-Y2 -> -4035.371 | AA2: =PPMT(Inputs!$B$5/12,A2,Inputs!$B$6*12,-Inputs!$B$4) -> 403.19747 | AB2: =W2-Y2-AA2 -> -3088.5685 | AC2: =15000+AB2 -> 11911.432
A3: 2 | B3: =INT((A3-1)/12)+1 -> 1 | C3: =Inputs!C$35 -> 0.45 | D3: =Inputs!$B$8*(1+Inputs!$B$9)^(B3-1) -> 95 | E3: =Inputs!$B$10*Inputs!$B$11*C3 -> 59.4 | F3: =IF(A3>=Inputs!$B$14,Inputs!$B$16*Inputs!$B$11*C3,0) -> 0 | G3: =(E3+F3)*D3 -> 5643 | H3: =G3*Inputs!$B$19 -> 338.58 | I3: =G3*Inputs!$B$20 -> 163.647 | J3: =G3-H3-I3 -> 5140.773 | K3: =IF(A3>=Inputs!$B$14,Inputs!$B$15,0) -> 0 | L3: =Inputs!$B$18 -> 3500 | M3: =Inputs!$B$21*IF(A3>=Inputs!$B$14,1.6,1) -> 900 | N3: =Inputs!$B$22 -> 350 | O3: =Inputs!$B$23 -> 250 | P3: =Inputs!$B$24 -> 80 | Q3: =IF(A3<=6,Inputs!$B$25,Inputs!$B$26) -> 600 | R3: =Inputs!$B$27 -> 60 | S3: =Inputs!$B$28 -> 150 | T3: =IF(A3>=Inputs!$B$14,Inputs!$B$17,0) -> 0 | U3: =Inputs!$B$29 -> 50 | V3: =SUM(K3:U3) -> 5940 | W3: =J3-V3 -> -799.227 | X3: =Inputs!$B$30/(Inputs!$B$31*12) -> 1350 | Y3: =IPMT(Inputs!$B$5/12,A3,Inputs!$B$6*12,-Inputs!$B$4) -> 740.22202 | Z3: =W3-X3-Y3 -> -2889.449 | AA3: =PPMT(Inputs!$B$5/12,A3,Inputs!$B$6*12,-Inputs!$B$4) -> 406.72545 | AB3: =W3-Y3-AA3 -> -1946.1745 | AC3: =AC2+AB3 -> 9965.2571
A4: 3 | B4: =INT((A4-1)/12)+1 -> 1 | C4: =Inputs!D$35 -> 0.55 | D4: =Inputs!$B$8*(1+Inputs!$B$9)^(B4-1) -> 95 | E4: =Inputs!$B$10*Inputs!$B$11*C4 -> 72.6 | F4: =IF(A4>=Inputs!$B$14,Inputs!$B$16*Inputs!$B$11*C4,0) -> 0 | G4: =(E4+F4)*D4 -> 6897 | H4: =G4*Inputs!$B$19 -> 413.82 | I4: =G4*Inputs!$B$20 -> 200.013 | J4: =G4-H4-I4 -> 6283.167 | K4: =IF(A4>=Inputs!$B$14,Inputs!$B$15,0) -> 0 | L4: =Inputs!$B$18 -> 3500 | M4: =Inputs!$B$21*IF(A4>=Inputs!$B$14,1.6,1) -> 900 | N4: =Inputs!$B$22 -> 350 | O4: =Inputs!$B$23 -> 250 | P4: =Inputs!$B$24 -> 80 | Q4: =IF(A4<=6,Inputs!$B$25,Inputs!$B$26) -> 600 | R4: =Inputs!$B$27 -> 60 | S4: =Inputs!$B$28 -> 150 | T4: =IF(A4>=Inputs!$B$14,Inputs!$B$17,0) -> 0 | U4: =Inputs!$B$29 -> 50 | V4: =SUM(K4:U4) -> 5940 | W4: =J4-V4 -> 343.167 | X4: =Inputs!$B$30/(Inputs!$B$31*12) -> 1350 | Y4: =IPMT(Inputs!$B$5/12,A4,Inputs!$B$6*12,-Inputs!$B$4) -> 736.66317 | Z4: =W4-X4-Y4 -> -1743.4962 | AA4: =PPMT(Inputs!$B$5/12,A4,Inputs!$B$6*12,-Inputs!$B$4) -> 410.2843 | AB4: =W4-Y4-AA4 -> -803.78047 | AC4: =AC3+AB4 -> 9161.4766
A5: 4 | B5: =INT((A5-1)/12)+1 -> 1 | C5: =Inputs!E$35 -> 0.62 | D5: =Inputs!$B$8*(1+Inputs!$B$9)^(B5-1) -> 95 | E5: =Inputs!$B$10*Inputs!$B$11*C5 -> 81.84 | F5: =IF(A5>=Inputs!$B$14,Inputs!$B$16*Inputs!$B$11*C5,0) -> 0 | G5: =(E5+F5)*D5 -> 7774.8 | H5: =G5*Inputs!$B$19 -> 466.488 | I5: =G5*Inputs!$B$20 -> 225.4692 | J5: =G5-H5-I5 -> 7082.8428 | K5: =IF(A5>=Inputs!$B$14,Inputs!$B$15,0) -> 0 | L5: =Inputs!$B$18 -> 3500 | M5: =Inputs!$B$21*IF(A5>=Inputs!$B$14,1.6,1) -> 900 | N5: =Inputs!$B$22 -> 350 | O5: =Inputs!$B$23 -> 250 | P5: =Inputs!$B$24 -> 80 | Q5: =IF(A5<=6,Inputs!$B$25,Inputs!$B$26) -> 600 | R5: =Inputs!$B$27 -> 60 | S5: =Inputs!$B$28 -> 150 | T5: =IF(A5>=Inputs!$B$14,Inputs!$B$17,0) -> 0 | U5: =Inputs!$B$29 -> 50 | V5: =SUM(K5:U5) -> 5940 | W5: =J5-V5 -> 1142.8428 | X5: =Inputs!$B$30/(Inputs!$B$31*12) -> 1350 | Y5: =IPMT(Inputs!$B$5/12,A5,Inputs!$B$6*12,-Inputs!$B$4) -> 733.07319 | Z5: =W5-X5-Y5 -> -940.23039 | AA5: =PPMT(Inputs!$B$5/12,A5,Inputs!$B$6*12,-Inputs!$B$4) -> 413.87429 | AB5: =W5-Y5-AA5 -> -4.1046726 | AC5: =AC4+AB5 -> 9157.3719
A6: 5 | B6: =INT((A6-1)/12)+1 -> 1 | C6: =Inputs!F$35 -> 0.68 | D6: =Inputs!$B$8*(1+Inputs!$B$9)^(B6-1) -> 95 | E6: =Inputs!$B$10*Inputs!$B$11*C6 -> 89.76 | F6: =IF(A6>=Inputs!$B$14,Inputs!$B$16*Inputs!$B$11*C6,0) -> 0 | G6: =(E6+F6)*D6 -> 8527.2 | H6: =G6*Inputs!$B$19 -> 511.632 | I6: =G6*Inputs!$B$20 -> 247.2888 | J6: =G6-H6-I6 -> 7768.2792 | K6: =IF(A6>=Inputs!$B$14,Inputs!$B$15,0) -> 0 | L6: =Inputs!$B$18 -> 3500 | M6: =Inputs!$B$21*IF(A6>=Inputs!$B$14,1.6,1) -> 900 | N6: =Inputs!$B$22 -> 350 | O6: =Inputs!$B$23 -> 250 | P6: =Inputs!$B$24 -> 80 | Q6: =IF(A6<=6,Inputs!$B$25,Inputs!$B$26) -> 600 | R6: =Inputs!$B$27 -> 60 | S6: =Inputs!$B$28 -> 150 | T6: =IF(A6>=Inputs!$B$14,Inputs!$B$17,0) -> 0 | U6: =Inputs!$B$29 -> 50 | V6: =SUM(K6:U6) -> 5940 | W6: =J6-V6 -> 1828.2792 | X6: =Inputs!$B$30/(Inputs!$B$31*12) -> 1350 | Y6: =IPMT(Inputs!$B$5/12,A6,Inputs!$B$6*12,-Inputs!$B$4) -> 729.45179 | Z6: =W6-X6-Y6 -> -251.17259 | AA6: =PPMT(Inputs!$B$5/12,A6,Inputs!$B$6*12,-Inputs!$B$4) -> 417.49569 | AB6: =W6-Y6-AA6 -> 681.33173 | AC6: =AC5+AB6 -> 9838.7036
A7: 6 | B7: =INT((A7-1)/12)+1 -> 1 | C7: =Inputs!G$35 -> 0.73 | D7: =Inputs!$B$8*(1+Inputs!$B$9)^(B7-1) -> 95 | E7: =Inputs!$B$10*Inputs!$B$11*C7 -> 96.36 | F7: =IF(A7>=Inputs!$B$14,Inputs!$B$16*Inputs!$B$11*C7,0) -> 0 | G7: =(E7+F7)*D7 -> 9154.2 | H7: =G7*Inputs!$B$19 -> 549.252 | I7: =G7*Inputs!$B$20 -> 265.4718 | J7: =G7-H7-I7 -> 8339.4762 | K7: =IF(A7>=Inputs!$B$14,Inputs!$B$15,0) -> 0 | L7: =Inputs!$B$18 -> 3500 | M7: =Inputs!$B$21*IF(A7>=Inputs!$B$14,1.6,1) -> 900 | N7: =Inputs!$B$22 -> 350 | O7: =Inputs!$B$23 -> 250 | P7: =Inputs!$B$24 -> 80 | Q7: =IF(A7<=6,Inputs!$B$25,Inputs!$B$26) -> 600 | R7: =Inputs!$B$27 -> 60 | S7: =Inputs!$B$28 -> 150 | T7: =IF(A7>=Inputs!$B$14,Inputs!$B$17,0) -> 0 | U7: =Inputs!$B$29 -> 50 | V7: =SUM(K7:U7) -> 5940 | W7: =J7-V7 -> 2399.4762 | X7: =Inputs!$B$30/(Inputs!$B$31*12) -> 1350 | Y7: =IPMT(Inputs!$B$5/12,A7,Inputs!$B$6*12,-Inputs!$B$4) -> 725.7987 | Z7: =W7-X7-Y7 -> 323.6775 | AA7: =PPMT(Inputs!$B$5/12,A7,Inputs!$B$6*12,-Inputs!$B$4) -> 421.14877 | AB7: =W7-Y7-AA7 -> 1252.5287 | AC7: =AC6+AB7 -> 11091.232
A8: 7 | B8: =INT((A8-1)/12)+1 -> 1 | C8: =Inputs!H$35 -> 0.77 | D8: =Inputs!$B$8*(1+Inputs!$B$9)^(B8-1) -> 95 | E8: =Inputs!$B$10*Inputs!$B$11*C8 -> 101.64 | F8: =IF(A8>=Inputs!$B$14,Inputs!$B$16*Inputs!$B$11*C8,0) -> 0 | G8: =(E8+F8)*D8 -> 9655.8 | H8: =G8*Inputs!$B$19 -> 579.348 | I8: =G8*Inputs!$B$20 -> 280.0182 | J8: =G8-H8-I8 -> 8796.4338 | K8: =IF(A8>=Inputs!$B$14,Inputs!$B$15,0) -> 0 | L8: =Inputs!$B$18 -> 3500 | M8: =Inputs!$B$21*IF(A8>=Inputs!$B$14,1.6,1) -> 900 | N8: =Inputs!$B$22 -> 350 | O8: =Inputs!$B$23 -> 250 | P8: =Inputs!$B$24 -> 80 | Q8: =IF(A8<=6,Inputs!$B$25,Inputs!$B$26) -> 350 | R8: =Inputs!$B$27 -> 60 | S8: =Inputs!$B$28 -> 150 | T8: =IF(A8>=Inputs!$B$14,Inputs!$B$17,0) -> 0 | U8: =Inputs!$B$29 -> 50 | V8: =SUM(K8:U8) -> 5690 | W8: =J8-V8 -> 3106.4338 | X8: =Inputs!$B$30/(Inputs!$B$31*12) -> 1350 | Y8: =IPMT(Inputs!$B$5/12,A8,Inputs!$B$6*12,-Inputs!$B$4) -> 722.11365 | Z8: =W8-X8-Y8 -> 1034.3202 | AA8: =PPMT(Inputs!$B$5/12,A8,Inputs!$B$6*12,-Inputs!$B$4) -> 424.83382 | AB8: =W8-Y8-AA8 -> 1959.4863 | AC8: =AC7+AB8 -> 13050.719
A9: 8 | B9: =INT((A9-1)/12)+1 -> 1 | C9: =Inputs!I$35 -> 0.8 | D9: =Inputs!$B$8*(1+Inputs!$B$9)^(B9-1) -> 95 | E9: =Inputs!$B$10*Inputs!$B$11*C9 -> 105.6 | F9: =IF(A9>=Inputs!$B$14,Inputs!$B$16*Inputs!$B$11*C9,0) -> 0 | G9: =(E9+F9)*D9 -> 10032 | H9: =G9*Inputs!$B$19 -> 601.92 | I9: =G9*Inputs!$B$20 -> 290.928 | J9: =G9-H9-I9 -> 9139.152 | K9: =IF(A9>=Inputs!$B$14,Inputs!$B$15,0) -> 0 | L9: =Inputs!$B$18 -> 3500 | M9: =Inputs!$B$21*IF(A9>=Inputs!$B$14,1.6,1) -> 900 | N9: =Inputs!$B$22 -> 350 | O9: =Inputs!$B$23 -> 250 | P9: =Inputs!$B$24 -> 80 | Q9: =IF(A9<=6,Inputs!$B$25,Inputs!$B$26) -> 350 | R9: =Inputs!$B$27 -> 60 | S9: =Inputs!$B$28 -> 150 | T9: =IF(A9>=Inputs!$B$14,Inputs!$B$17,0) -> 0 | U9: =Inputs!$B$29 -> 50 | V9: =SUM(K9:U9) -> 5690 | W9: =J9-V9 -> 3449.152 | X9: =Inputs!$B$30/(Inputs!$B$31*12) -> 1350 | Y9: =IPMT(Inputs!$B$5/12,A9,Inputs!$B$6*12,-Inputs!$B$4) -> 718.39635 | Z9: =W9-X9-Y9 -> 1380.7556 | AA9: =PPMT(Inputs!$B$5/12,A9,Inputs!$B$6*12,-Inputs!$B$4) -> 428.55112 | AB9: =W9-Y9-AA9 -> 2302.2045 | AC9: =AC8+AB9 -> 15352.923
A10: 9 | B10: =INT((A10-1)/12)+1 -> 1 | C10: =Inputs!J$35 -> 0.83 | D10: =Inputs!$B$8*(1+Inputs!$B$9)^(B10-1) -> 95 | E10: =Inputs!$B$10*Inputs!$B$11*C10 -> 109.56 | F10: =IF(A10>=Inputs!$B$14,Inputs!$B$16*Inputs!$B$11*C10,0) -> 0 | G10: =(E10+F10)*D10 -> 10408.2 | H10: =G10*Inputs!$B$19 -> 624.492 | I10: =G10*Inputs!$B$20 -> 301.8378 | J10: =G10-H10-I10 -> 9481.8702 | K10: =IF(A10>=Inputs!$B$14,Inputs!$B$15,0) -> 0 | L10: =Inputs!$B$18 -> 3500 | M10: =Inputs!$B$21*IF(A10>=Inputs!$B$14,1.6,1) -> 900 | N10: =Inputs!$B$22 -> 350 | O10: =Inputs!$B$23 -> 250 | P10: =Inputs!$B$24 -> 80 | Q10: =IF(A10<=6,Inputs!$B$25,Inputs!$B$26) -> 350 | R10: =Inputs!$B$27 -> 60 | S10: =Inputs!$B$28 -> 150 | T10: =IF(A10>=Inputs!$B$14,Inputs!$B$17,0) -> 0 | U10: =Inputs!$B$29 -> 50 | V10: =SUM(K10:U10) -> 5690 | W10: =J10-V10 -> 3791.8702 | X10: =Inputs!$B$30/(Inputs!$B$31*12) -> 1350 | Y10: =IPMT(Inputs!$B$5/12,A10,Inputs!$B$6*12,-Inputs!$B$4) -> 714.64653 | Z10: =W10-X10-Y10 -> 1727.2237 | AA10: =PPMT(Inputs!$B$5/12,A10,Inputs!$B$6*12,-Inputs!$B$4) -> 432.30094 | AB10: =W10-Y10-AA10 -> 2644.9227 | AC10: =AC9+AB10 -> 17997.846
A11: 10 | B11: =INT((A11-1)/12)+1 -> 1 | C11: =Inputs!K$35 -> 0.85 | D11: =Inputs!$B$8*(1+Inputs!$B$9)^(B11-1) -> 95 | E11: =Inputs!$B$10*Inputs!$B$11*C11 -> 112.2 | F11: =IF(A11>=Inputs!$B$14,Inputs!$B$16*Inputs!$B$11*C11,0) -> 0 | G11: =(E11+F11)*D11 -> 10659 | H11: =G11*Inputs!$B$19 -> 639.54 | I11: =G11*Inputs!$B$20 -> 309.111 | J11: =G11-H11-I11 -> 9710.349 | K11: =IF(A11>=Inputs!$B$14,Inputs!$B$15,0) -> 0 | L11: =Inputs!$B$18 -> 3500 | M11: =Inputs!$B$21*IF(A11>=Inputs!$B$14,1.6,1) -> 900 | N11: =Inputs!$B$22 -> 350 | O11: =Inputs!$B$23 -> 250 | P11: =Inputs!$B$24 -> 80 | Q11: =IF(A11<=6,Inputs!$B$25,Inputs!$B$26) -> 350 | R11: =Inputs!$B$27 -> 60 | S11: =Inputs!$B$28 -> 150 | T11: =IF(A11>=Inputs!$B$14,Inputs!$B$17,0) -> 0 | U11: =Inputs!$B$29 -> 50 | V11: =SUM(K11:U11) -> 5690 | W11: =J11-V11 -> 4020.349 | X11: =Inputs!$B$30/(Inputs!$B$31*12) -> 1350 | Y11: =IPMT(Inputs!$B$5/12,A11,Inputs!$B$6*12,-Inputs!$B$4) -> 710.8639 | Z11: =W11-X11-Y11 -> 1959.4851 | AA11: =PPMT(Inputs!$B$5/12,A11,Inputs!$B$6*12,-Inputs!$B$4) -> 436.08358 | AB11: =W11-Y11-AA11 -> 2873.4015 | AC11: =AC10+AB11 -> 20871.247
A12: 11 | B12: =INT((A12-1)/12)+1 -> 1 | C12: =Inputs!L$35 -> 0.85 | D12: =Inputs!$B$8*(1+Inputs!$B$9)^(B12-1) -> 95 | E12: =Inputs!$B$10*Inputs!$B$11*C12 -> 112.2 | F12: =IF(A12>=Inputs!$B$14,Inputs!$B$16*Inputs!$B$11*C12,0) -> 0 | G12: =(E12+F12)*D12 -> 10659 | H12: =G12*Inputs!$B$19 -> 639.54 | I12: =G12*Inputs!$B$20 -> 309.111 | J12: =G12-H12-I12 -> 9710.349 | K12: =IF(A12>=Inputs!$B$14,Inputs!$B$15,0) -> 0 | L12: =Inputs!$B$18 -> 3500 | M12: =Inputs!$B$21*IF(A12>=Inputs!$B$14,1.6,1) -> 900 | N12: =Inputs!$B$22 -> 350 | O12: =Inputs!$B$23 -> 250 | P12: =Inputs!$B$24 -> 80 | Q12: =IF(A12<=6,Inputs!$B$25,Inputs!$B$26) -> 350 | R12: =Inputs!$B$27 -> 60 | S12: =Inputs!$B$28 -> 150 | T12: =IF(A12>=Inputs!$B$14,Inputs!$B$17,0) -> 0 | U12: =Inputs!$B$29 -> 50 | V12: =SUM(K12:U12) -> 5690 | W12: =J12-V12 -> 4020.349 | X12: =Inputs!$B$30/(Inputs!$B$31*12) -> 1350 | Y12: =IPMT(Inputs!$B$5/12,A12,Inputs!$B$6*12,-Inputs!$B$4) -> 707.04816 | Z12: =W12-X12-Y12 -> 1963.3008 | AA12: =PPMT(Inputs!$B$5/12,A12,Inputs!$B$6*12,-Inputs!$B$4) -> 439.89931 | AB12: =W12-Y12-AA12 -> 2873.4015 | AC12: =AC11+AB12 -> 23744.649
A13: 12 | B13: =INT((A13-1)/12)+1 -> 1 | C13: =Inputs!M$35 -> 0.85 | D13: =Inputs!$B$8*(1+Inputs!$B$9)^(B13-1) -> 95 | E13: =Inputs!$B$10*Inputs!$B$11*C13 -> 112.2 | F13: =IF(A13>=Inputs!$B$14,Inputs!$B$16*Inputs!$B$11*C13,0) -> 0 | G13: =(E13+F13)*D13 -> 10659 | H13: =G13*Inputs!$B$19 -> 639.54 | I13: =G13*Inputs!$B$20 -> 309.111 | J13: =G13-H13-I13 -> 9710.349 | K13: =IF(A13>=Inputs!$B$14,Inputs!$B$15,0) -> 0 | L13: =Inputs!$B$18 -> 3500 | M13: =Inputs!$B$21*IF(A13>=Inputs!$B$14,1.6,1) -> 900 | N13: =Inputs!$B$22 -> 350 | O13: =Inputs!$B$23 -> 250 | P13: =Inputs!$B$24 -> 80 | Q13: =IF(A13<=6,Inputs!$B$25,Inputs!$B$26) -> 350 | R13: =Inputs!$B$27 -> 60 | S13: =Inputs!$B$28 -> 150 | T13: =IF(A13>=Inputs!$B$14,Inputs!$B$17,0) -> 0 | U13: =Inputs!$B$29 -> 50 | V13: =SUM(K13:U13) -> 5690 | W13: =J13-V13 -> 4020.349 | X13: =Inputs!$B$30/(Inputs!$B$31*12) -> 1350 | Y13: =IPMT(Inputs!$B$5/12,A13,Inputs!$B$6*12,-Inputs!$B$4) -> 703.19905 | Z13: =W13-X13-Y13 -> 1967.15 | AA13: =PPMT(Inputs!$B$5/12,A13,Inputs!$B$6*12,-Inputs!$B$4) -> 443.74843 | AB13: =W13-Y13-AA13 -> 2873.4015 | AC13: =AC12+AB13 -> 26618.051
A14: 13 | B14: =INT((A14-1)/12)+1 -> 2 | C14: =Inputs!$B$12 -> 0.88 | D14: =Inputs!$B$8*(1+Inputs!$B$9)^(B14-1) -> 98.8 | E14: =Inputs!$B$10*Inputs!$B$11*C14 -> 116.16 | F14: =IF(A14>=Inputs!$B$14,Inputs!$B$16*Inputs!$B$11*C14,0) -> 0 | G14: =(E14+F14)*D14 -> 11476.608 | H14: =G14*Inputs!$B$19 -> 688.59648 | I14: =G14*Inputs!$B$20 -> 332.82163 | J14: =G14-H14-I14 -> 10455.19 | K14: =IF(A14>=Inputs!$B$14,Inputs!$B$15,0) -> 0 | L14: =Inputs!$B$18 -> 3500 | M14: =Inputs!$B$21*IF(A14>=Inputs!$B$14,1.6,1) -> 900 | N14: =Inputs!$B$22 -> 350 | O14: =Inputs!$B$23 -> 250 | P14: =Inputs!$B$24 -> 80 | Q14: =IF(A14<=6,Inputs!$B$25,Inputs!$B$26) -> 350 | R14: =Inputs!$B$27 -> 60 | S14: =Inputs!$B$28 -> 150 | T14: =IF(A14>=Inputs!$B$14,Inputs!$B$17,0) -> 0 | U14: =Inputs!$B$29 -> 50 | V14: =SUM(K14:U14) -> 5690 | W14: =J14-V14 -> 4765.1899 | X14: =Inputs!$B$30/(Inputs!$B$31*12) -> 1350 | Y14: =IPMT(Inputs!$B$5/12,A14,Inputs!$B$6*12,-Inputs!$B$4) -> 699.31625 | Z14: =W14-X14-Y14 -> 2715.8736 | AA14: =PPMT(Inputs!$B$5/12,A14,Inputs!$B$6*12,-Inputs!$B$4) -> 447.63123 | AB14: =W14-Y14-AA14 -> 3618.2424 | AC14: =AC13+AB14 -> 30236.293
A15: 14 | B15: =INT((A15-1)/12)+1 -> 2 | C15: =Inputs!$B$12 -> 0.88 | D15: =Inputs!$B$8*(1+Inputs!$B$9)^(B15-1) -> 98.8 | E15: =Inputs!$B$10*Inputs!$B$11*C15 -> 116.16 | F15: =IF(A15>=Inputs!$B$14,Inputs!$B$16*Inputs!$B$11*C15,0) -> 0 | G15: =(E15+F15)*D15 -> 11476.608 | H15: =G15*Inputs!$B$19 -> 688.59648 | I15: =G15*Inputs!$B$20 -> 332.82163 | J15: =G15-H15-I15 -> 10455.19 | K15: =IF(A15>=Inputs!$B$14,Inputs!$B$15,0) -> 0 | L15: =Inputs!$B$18 -> 3500 | M15: =Inputs!$B$21*IF(A15>=Inputs!$B$14,1.6,1) -> 900 | N15: =Inputs!$B$22 -> 350 | O15: =Inputs!$B$23 -> 250 | P15: =Inputs!$B$24 -> 80 | Q15: =IF(A15<=6,Inputs!$B$25,Inputs!$B$26) -> 350 | R15: =Inputs!$B$27 -> 60 | S15: =Inputs!$B$28 -> 150 | T15: =IF(A15>=Inputs!$B$14,Inputs!$B$17,0) -> 0 | U15: =Inputs!$B$29 -> 50 | V15: =SUM(K15:U15) -> 5690 | W15: =J15-V15 -> 4765.1899 | X15: =Inputs!$B$30/(Inputs!$B$31*12) -> 1350 | Y15: =IPMT(Inputs!$B$5/12,A15,Inputs!$B$6*12,-Inputs!$B$4) -> 695.39947 | Z15: =W15-X15-Y15 -> 2719.7904 | AA15: =PPMT(Inputs!$B$5/12,A15,Inputs!$B$6*12,-Inputs!$B$4) -> 451.548 | AB15: =W15-Y15-AA15 -> 3618.2424 | AC15: =AC14+AB15 -> 33854.535
A16: 15 | B16: =INT((A16-1)/12)+1 -> 2 | C16: =Inputs!$B$12 -> 0.88 | D16: =Inputs!$B$8*(1+Inputs!$B$9)^(B16-1) -> 98.8 | E16: =Inputs!$B$10*Inputs!$B$11*C16 -> 116.16 | F16: =IF(A16>=Inputs!$B$14,Inputs!$B$16*Inputs!$B$11*C16,0) -> 0 | G16: =(E16+F16)*D16 -> 11476.608 | H16: =G16*Inputs!$B$19 -> 688.59648 | I16: =G16*Inputs!$B$20 -> 332.82163 | J16: =G16-H16-I16 -> 10455.19 | K16: =IF(A16>=Inputs!$B$14,Inputs!$B$15,0) -> 0 | L16: =Inputs!$B$18 -> 3500 | M16: =Inputs!$B$21*IF(A16>=Inputs!$B$14,1.6,1) -> 900 | N16: =Inputs!$B$22 -> 350 | O16: =Inputs!$B$23 -> 250 | P16: =Inputs!$B$24 -> 80 | Q16: =IF(A16<=6,Inputs!$B$25,Inputs!$B$26) -> 350 | R16: =Inputs!$B$27 -> 60 | S16: =Inputs!$B$28 -> 150 | T16: =IF(A16>=Inputs!$B$14,Inputs!$B$17,0) -> 0 | U16: =Inputs!$B$29 -> 50 | V16: =SUM(K16:U16) -> 5690 | W16: =J16-V16 -> 4765.1899 | X16: =Inputs!$B$30/(Inputs!$B$31*12) -> 1350 | Y16: =IPMT(Inputs!$B$5/12,A16,Inputs!$B$6*12,-Inputs!$B$4) -> 691.44843 | Z16: =W16-X16-Y16 -> 2723.7415 | AA16: =PPMT(Inputs!$B$5/12,A16,Inputs!$B$6*12,-Inputs!$B$4) -> 455.49904 | AB16: =W16-Y16-AA16 -> 3618.2424 | AC16: =AC15+AB16 -> 37472.778
A17: 16 | B17: =INT((A17-1)/12)+1 -> 2 | C17: =Inputs!$B$12 -> 0.88 | D17: =Inputs!$B$8*(1+Inputs!$B$9)^(B17-1) -> 98.8 | E17: =Inputs!$B$10*Inputs!$B$11*C17 -> 116.16 | F17: =IF(A17>=Inputs!$B$14,Inputs!$B$16*Inputs!$B$11*C17,0) -> 0 | G17: =(E17+F17)*D17 -> 11476.608 | H17: =G17*Inputs!$B$19 -> 688.59648 | I17: =G17*Inputs!$B$20 -> 332.82163 | J17: =G17-H17-I17 -> 10455.19 | K17: =IF(A17>=Inputs!$B$14,Inputs!$B$15,0) -> 0 | L17: =Inputs!$B$18 -> 3500 | M17: =Inputs!$B$21*IF(A17>=Inputs!$B$14,1.6,1) -> 900 | N17: =Inputs!$B$22 -> 350 | O17: =Inputs!$B$23 -> 250 | P17: =Inputs!$B$24 -> 80 | Q17: =IF(A17<=6,Inputs!$B$25,Inputs!$B$26) -> 350 | R17: =Inputs!$B$27 -> 60 | S17: =Inputs!$B$28 -> 150 | T17: =IF(A17>=Inputs!$B$14,Inputs!$B$17,0) -> 0 | U17: =Inputs!$B$29 -> 50 | V17: =SUM(K17:U17) -> 5690 | W17: =J17-V17 -> 4765.1899 | X17: =Inputs!$B$30/(Inputs!$B$31*12) -> 1350 | Y17: =IPMT(Inputs!$B$5/12,A17,Inputs!$B$6*12,-Inputs!$B$4) -> 687.46281 | Z17: =W17-X17-Y17 -> 2727.7271 | AA17: =PPMT(Inputs!$B$5/12,A17,Inputs!$B$6*12,-Inputs!$B$4) -> 459.48466 | AB17: =W17-Y17-AA17 -> 3618.2424 | AC17: =AC16+AB17 -> 41091.02
A18: 17 | B18: =INT((A18-1)/12)+1 -> 2 | C18: =Inputs!$B$12 -> 0.88 | D18: =Inputs!$B$8*(1+Inputs!$B$9)^(B18-1) -> 98.8 | E18: =Inputs!$B$10*Inputs!$B$11*C18 -> 116.16 | F18: =IF(A18>=Inputs!$B$14,Inputs!$B$16*Inputs!$B$11*C18,0) -> 0 | G18: =(E18+F18)*D18 -> 11476.608 | H18: =G18*Inputs!$B$19 -> 688.59648 | I18: =G18*Inputs!$B$20 -> 332.82163 | J18: =G18-H18-I18 -> 10455.19 | K18: =IF(A18>=Inputs!$B$14,Inputs!$B$15,0) -> 0 | L18: =Inputs!$B$18 -> 3500 | M18: =Inputs!$B$21*IF(A18>=Inputs!$B$14,1.6,1) -> 900 | N18: =Inputs!$B$22 -> 350 | O18: =Inputs!$B$23 -> 250 | P18: =Inputs!$B$24 -> 80 | Q18: =IF(A18<=6,Inputs!$B$25,Inputs!$B$26) -> 350 | R18: =Inputs!$B$27 -> 60 | S18: =Inputs!$B$28 -> 150 | T18: =IF(A18>=Inputs!$B$14,Inputs!$B$17,0) -> 0 | U18: =Inputs!$B$29 -> 50 | V18: =SUM(K18:U18) -> 5690 | W18: =J18-V18 -> 4765.1899 | X18: =Inputs!$B$30/(Inputs!$B$31*12) -> 1350 | Y18: =IPMT(Inputs!$B$5/12,A18,Inputs!$B$6*12,-Inputs!$B$4) -> 683.44232 | Z18: =W18-X18-Y18 -> 2731.7476 | AA18: =PPMT(Inputs!$B$5/12,A18,Inputs!$B$6*12,-Inputs!$B$4) -> 463.50515 | AB18: =W18-Y18-AA18 -> 3618.2424 | AC18: =AC17+AB18 -> 44709.263
A19: 18 | B19: =INT((A19-1)/12)+1 -> 2 | C19: =Inputs!$B$12 -> 0.88 | D19: =Inputs!$B$8*(1+Inputs!$B$9)^(B19-1) -> 98.8 | E19: =Inputs!$B$10*Inputs!$B$11*C19 -> 116.16 | F19: =IF(A19>=Inputs!$B$14,Inputs!$B$16*Inputs!$B$11*C19,0) -> 0 | G19: =(E19+F19)*D19 -> 11476.608 | H19: =G19*Inputs!$B$19 -> 688.59648 | I19: =G19*Inputs!$B$20 -> 332.82163 | J19: =G19-H19-I19 -> 10455.19 | K19: =IF(A19>=Inputs!$B$14,Inputs!$B$15,0) -> 0 | L19: =Inputs!$B$18 -> 3500 | M19: =Inputs!$B$21*IF(A19>=Inputs!$B$14,1.6,1) -> 900 | N19: =Inputs!$B$22 -> 350 | O19: =Inputs!$B$23 -> 250 | P19: =Inputs!$B$24 -> 80 | Q19: =IF(A19<=6,Inputs!$B$25,Inputs!$B$26) -> 350 | R19: =Inputs!$B$27 -> 60 | S19: =Inputs!$B$28 -> 150 | T19: =IF(A19>=Inputs!$B$14,Inputs!$B$17,0) -> 0 | U19: =Inputs!$B$29 -> 50 | V19: =SUM(K19:U19) -> 5690 | W19: =J19-V19 -> 4765.1899 | X19: =Inputs!$B$30/(Inputs!$B$31*12) -> 1350 | Y19: =IPMT(Inputs!$B$5/12,A19,Inputs!$B$6*12,-Inputs!$B$4) -> 679.38665 | Z19: =W19-X19-Y19 -> 2735.8032 | AA19: =PPMT(Inputs!$B$5/12,A19,Inputs!$B$6*12,-Inputs!$B$4) -> 467.56082 | AB19: =W19-Y19-AA19 -> 3618.2424 | AC19: =AC18+AB19 -> 48327.505
A20: 19 | B20: =INT((A20-1)/12)+1 -> 2 | C20: =Inputs!$B$12 -> 0.88 | D20: =Inputs!$B$8*(1+Inputs!$B$9)^(B20-1) -> 98.8 | E20: =Inputs!$B$10*Inputs!$B$11*C20 -> 116.16 | F20: =IF(A20>=Inputs!$B$14,Inputs!$B$16*Inputs!$B$11*C20,0) -> 0 | G20: =(E20+F20)*D20 -> 11476.608 | H20: =G20*Inputs!$B$19 -> 688.59648 | I20: =G20*Inputs!$B$20 -> 332.82163 | J20: =G20-H20-I20 -> 10455.19 | K20: =IF(A20>=Inputs!$B$14,Inputs!$B$15,0) -> 0 | L20: =Inputs!$B$18 -> 3500 | M20: =Inputs!$B$21*IF(A20>=Inputs!$B$14,1.6,1) -> 900 | N20: =Inputs!$B$22 -> 350 | O20: =Inputs!$B$23 -> 250 | P20: =Inputs!$B$24 -> 80 | Q20: =IF(A20<=6,Inputs!$B$25,Inputs!$B$26) -> 350 | R20: =Inputs!$B$27 -> 60 | S20: =Inputs!$B$28 -> 150 | T20: =IF(A20>=Inputs!$B$14,Inputs!$B$17,0) -> 0 | U20: =Inputs!$B$29 -> 50 | V20: =SUM(K20:U20) -> 5690 | W20: =J20-V20 -> 4765.1899 | X20: =Inputs!$B$30/(Inputs!$B$31*12) -> 1350 | Y20: =IPMT(Inputs!$B$5/12,A20,Inputs!$B$6*12,-Inputs!$B$4) -> 675.29549 | Z20: =W20-X20-Y20 -> 2739.8944 | AA20: =PPMT(Inputs!$B$5/12,A20,Inputs!$B$6*12,-Inputs!$B$4) -> 471.65198 | AB20: =W20-Y20-AA20 -> 3618.2424 | AC20: =AC19+AB20 -> 51945.747
A21: 20 | B21: =INT((A21-1)/12)+1 -> 2 | C21: =Inputs!$B$12 -> 0.88 | D21: =Inputs!$B$8*(1+Inputs!$B$9)^(B21-1) -> 98.8 | E21: =Inputs!$B$10*Inputs!$B$11*C21 -> 116.16 | F21: =IF(A21>=Inputs!$B$14,Inputs!$B$16*Inputs!$B$11*C21,0) -> 0 | G21: =(E21+F21)*D21 -> 11476.608 | H21: =G21*Inputs!$B$19 -> 688.59648 | I21: =G21*Inputs!$B$20 -> 332.82163 | J21: =G21-H21-I21 -> 10455.19 | K21: =IF(A21>=Inputs!$B$14,Inputs!$B$15,0) -> 0 | L21: =Inputs!$B$18 -> 3500 | M21: =Inputs!$B$21*IF(A21>=Inputs!$B$14,1.6,1) -> 900 | N21: =Inputs!$B$22 -> 350 | O21: =Inputs!$B$23 -> 250 | P21: =Inputs!$B$24 -> 80 | Q21: =IF(A21<=6,Inputs!$B$25,Inputs!$B$26) -> 350 | R21: =Inputs!$B$27 -> 60 | S21: =Inputs!$B$28 -> 150 | T21: =IF(A21>=Inputs!$B$14,Inputs!$B$17,0) -> 0 | U21: =Inputs!$B$29 -> 50 | V21: =SUM(K21:U21) -> 5690 | W21: =J21-V21 -> 4765.1899 | X21: =Inputs!$B$30/(Inputs!$B$31*12) -> 1350 | Y21: =IPMT(Inputs!$B$5/12,A21,Inputs!$B$6*12,-Inputs!$B$4) -> 671.16854 | Z21: =W21-X21-Y21 -> 2744.0213 | AA21: =PPMT(Inputs!$B$5/12,A21,Inputs!$B$6*12,-Inputs!$B$4) -> 475.77893 | AB21: =W21-Y21-AA21 -> 3618.2424 | AC21: =AC20+AB21 -> 55563.99
A22: 21 | B22: =INT((A22-1)/12)+1 -> 2 | C22: =Inputs!$B$12 -> 0.88 | D22: =Inputs!$B$8*(1+Inputs!$B$9)^(B22-1) -> 98.8 | E22: =Inputs!$B$10*Inputs!$B$11*C22 -> 116.16 | F22: =IF(A22>=Inputs!$B$14,Inputs!$B$16*Inputs!$B$11*C22,0) -> 0 | G22: =(E22+F22)*D22 -> 11476.608 | H22: =G22*Inputs!$B$19 -> 688.59648 | I22: =G22*Inputs!$B$20 -> 332.82163 | J22: =G22-H22-I22 -> 10455.19 | K22: =IF(A22>=Inputs!$B$14,Inputs!$B$15,0) -> 0 | L22: =Inputs!$B$18 -> 3500 | M22: =Inputs!$B$21*IF(A22>=Inputs!$B$14,1.6,1) -> 900 | N22: =Inputs!$B$22 -> 350 | O22: =Inputs!$B$23 -> 250 | P22: =Inputs!$B$24 -> 80 | Q22: =IF(A22<=6,Inputs!$B$25,Inputs!$B$26) -> 350 | R22: =Inputs!$B$27 -> 60 | S22: =Inputs!$B$28 -> 150 | T22: =IF(A22>=Inputs!$B$14,Inputs!$B$17,0) -> 0 | U22: =Inputs!$B$29 -> 50 | V22: =SUM(K22:U22) -> 5690 | W22: =J22-V22 -> 4765.1899 | X22: =Inputs!$B$30/(Inputs!$B$31*12) -> 1350 | Y22: =IPMT(Inputs!$B$5/12,A22,Inputs!$B$6*12,-Inputs!$B$4) -> 667.00547 | Z22: =W22-X22-Y22 -> 2748.1844 | AA22: =PPMT(Inputs!$B$5/12,A22,Inputs!$B$6*12,-Inputs!$B$4) -> 479.942 | AB22: =W22-Y22-AA22 -> 3618.2424 | AC22: =AC21+AB22 -> 59182.232
A23: 22 | B23: =INT((A23-1)/12)+1 -> 2 | C23: =Inputs!$B$12 -> 0.88 | D23: =Inputs!$B$8*(1+Inputs!$B$9)^(B23-1) -> 98.8 | E23: =Inputs!$B$10*Inputs!$B$11*C23 -> 116.16 | F23: =IF(A23>=Inputs!$B$14,Inputs!$B$16*Inputs!$B$11*C23,0) -> 0 | G23: =(E23+F23)*D23 -> 11476.608 | H23: =G23*Inputs!$B$19 -> 688.59648 | I23: =G23*Inputs!$B$20 -> 332.82163 | J23: =G23-H23-I23 -> 10455.19 | K23: =IF(A23>=Inputs!$B$14,Inputs!$B$15,0) -> 0 | L23: =Inputs!$B$18 -> 3500 | M23: =Inputs!$B$21*IF(A23>=Inputs!$B$14,1.6,1) -> 900 | N23: =Inputs!$B$22 -> 350 | O23: =Inputs!$B$23 -> 250 | P23: =Inputs!$B$24 -> 80 | Q23: =IF(A23<=6,Inputs!$B$25,Inputs!$B$26) -> 350 | R23: =Inputs!$B$27 -> 60 | S23: =Inputs!$B$28 -> 150 | T23: =IF(A23>=Inputs!$B$14,Inputs!$B$17,0) -> 0 | U23: =Inputs!$B$29 -> 50 | V23: =SUM(K23:U23) -> 5690 | W23: =J23-V23 -> 4765.1899 | X23: =Inputs!$B$30/(Inputs!$B$31*12) -> 1350 | Y23: =IPMT(Inputs!$B$5/12,A23,Inputs!$B$6*12,-Inputs!$B$4) -> 662.80598 | Z23: =W23-X23-Y23 -> 2752.3839 | AA23: =PPMT(Inputs!$B$5/12,A23,Inputs!$B$6*12,-Inputs!$B$4) -> 484.14149 | AB23: =W23-Y23-AA23 -> 3618.2424 | AC23: =AC22+AB23 -> 62800.475
A24: 23 | B24: =INT((A24-1)/12)+1 -> 2 | C24: =Inputs!$B$12 -> 0.88 | D24: =Inputs!$B$8*(1+Inputs!$B$9)^(B24-1) -> 98.8 | E24: =Inputs!$B$10*Inputs!$B$11*C24 -> 116.16 | F24: =IF(A24>=Inputs!$B$14,Inputs!$B$16*Inputs!$B$11*C24,0) -> 0 | G24: =(E24+F24)*D24 -> 11476.608 | H24: =G24*Inputs!$B$19 -> 688.59648 | I24: =G24*Inputs!$B$20 -> 332.82163 | J24: =G24-H24-I24 -> 10455.19 | K24: =IF(A24>=Inputs!$B$14,Inputs!$B$15,0) -> 0 | L24: =Inputs!$B$18 -> 3500 | M24: =Inputs!$B$21*IF(A24>=Inputs!$B$14,1.6,1) -> 900 | N24: =Inputs!$B$22 -> 350 | O24: =Inputs!$B$23 -> 250 | P24: =Inputs!$B$24 -> 80 | Q24: =IF(A24<=6,Inputs!$B$25,Inputs!$B$26) -> 350 | R24: =Inputs!$B$27 -> 60 | S24: =Inputs!$B$28 -> 150 | T24: =IF(A24>=Inputs!$B$14,Inputs!$B$17,0) -> 0 | U24: =Inputs!$B$29 -> 50 | V24: =SUM(K24:U24) -> 5690 | W24: =J24-V24 -> 4765.1899 | X24: =Inputs!$B$30/(Inputs!$B$31*12) -> 1350 | Y24: =IPMT(Inputs!$B$5/12,A24,Inputs!$B$6*12,-Inputs!$B$4) -> 658.56974 | Z24: =W24-X24-Y24 -> 2756.6201 | AA24: =PPMT(Inputs!$B$5/12,A24,Inputs!$B$6*12,-Inputs!$B$4) -> 488.37773 | AB24: =W24-Y24-AA24 -> 3618.2424 | AC24: =AC23+AB24 -> 66418.717
A25: 24 | B25: =INT((A25-1)/12)+1 -> 2 | C25: =Inputs!$B$12 -> 0.88 | D25: =Inputs!$B$8*(1+Inputs!$B$9)^(B25-1) -> 98.8 | E25: =Inputs!$B$10*Inputs!$B$11*C25 -> 116.16 | F25: =IF(A25>=Inputs!$B$14,Inputs!$B$16*Inputs!$B$11*C25,0) -> 0 | G25: =(E25+F25)*D25 -> 11476.608 | H25: =G25*Inputs!$B$19 -> 688.59648 | I25: =G25*Inputs!$B$20 -> 332.82163 | J25: =G25-H25-I25 -> 10455.19 | K25: =IF(A25>=Inputs!$B$14,Inputs!$B$15,0) -> 0 | L25: =Inputs!$B$18 -> 3500 | M25: =Inputs!$B$21*IF(A25>=Inputs!$B$14,1.6,1) -> 900 | N25: =Inputs!$B$22 -> 350 | O25: =Inputs!$B$23 -> 250 | P25: =Inputs!$B$24 -> 80 | Q25: =IF(A25<=6,Inputs!$B$25,Inputs!$B$26) -> 350 | R25: =Inputs!$B$27 -> 60 | S25: =Inputs!$B$28 -> 150 | T25: =IF(A25>=Inputs!$B$14,Inputs!$B$17,0) -> 0 | U25: =Inputs!$B$29 -> 50 | V25: =SUM(K25:U25) -> 5690 | W25: =J25-V25 -> 4765.1899 | X25: =Inputs!$B$30/(Inputs!$B$31*12) -> 1350 | Y25: =IPMT(Inputs!$B$5/12,A25,Inputs!$B$6*12,-Inputs!$B$4) -> 654.29644 | Z25: =W25-X25-Y25 -> 2760.8934 | AA25: =PPMT(Inputs!$B$5/12,A25,Inputs!$B$6*12,-Inputs!$B$4) -> 492.65103 | AB25: =W25-Y25-AA25 -> 3618.2424 | AC25: =AC24+AB25 -> 70036.96
A26: 25 | B26: =INT((A26-1)/12)+1 -> 3 | C26: =Inputs!$B$13 -> 0.9 | D26: =Inputs!$B$8*(1+Inputs!$B$9)^(B26-1) -> 102.752 | E26: =Inputs!$B$10*Inputs!$B$11*C26 -> 118.8 | F26: =IF(A26>=Inputs!$B$14,Inputs!$B$16*Inputs!$B$11*C26,0) -> 79.2 | G26: =(E26+F26)*D26 -> 20344.896 | H26: =G26*Inputs!$B$19 -> 1220.6938 | I26: =G26*Inputs!$B$20 -> 590.00198 | J26: =G26-H26-I26 -> 18534.2 | K26: =IF(A26>=Inputs!$B$14,Inputs!$B$15,0) -> 3200 | L26: =Inputs!$B$18 -> 3500 | M26: =Inputs!$B$21*IF(A26>=Inputs!$B$14,1.6,1) -> 1440 | N26: =Inputs!$B$22 -> 350 | O26: =Inputs!$B$23 -> 250 | P26: =Inputs!$B$24 -> 80 | Q26: =IF(A26<=6,Inputs!$B$25,Inputs!$B$26) -> 350 | R26: =Inputs!$B$27 -> 60 | S26: =Inputs!$B$28 -> 150 | T26: =IF(A26>=Inputs!$B$14,Inputs!$B$17,0) -> 1400 | U26: =Inputs!$B$29 -> 50 | V26: =SUM(K26:U26) -> 10830 | W26: =J26-V26 -> 7704.2003 | X26: =Inputs!$B$30/(Inputs!$B$31*12) -> 1350 | Y26: =IPMT(Inputs!$B$5/12,A26,Inputs!$B$6*12,-Inputs!$B$4) -> 649.98574 | Z26: =W26-X26-Y26 -> 5704.2145 | AA26: =PPMT(Inputs!$B$5/12,A26,Inputs!$B$6*12,-Inputs!$B$4) -> 496.96173 | AB26: =W26-Y26-AA26 -> 6557.2528 | AC26: =AC25+AB26 -> 76594.212
A27: 26 | B27: =INT((A27-1)/12)+1 -> 3 | C27: =Inputs!$B$13 -> 0.9 | D27: =Inputs!$B$8*(1+Inputs!$B$9)^(B27-1) -> 102.752 | E27: =Inputs!$B$10*Inputs!$B$11*C27 -> 118.8 | F27: =IF(A27>=Inputs!$B$14,Inputs!$B$16*Inputs!$B$11*C27,0) -> 79.2 | G27: =(E27+F27)*D27 -> 20344.896 | H27: =G27*Inputs!$B$19 -> 1220.6938 | I27: =G27*Inputs!$B$20 -> 590.00198 | J27: =G27-H27-I27 -> 18534.2 | K27: =IF(A27>=Inputs!$B$14,Inputs!$B$15,0) -> 3200 | L27: =Inputs!$B$18 -> 3500 | M27: =Inputs!$B$21*IF(A27>=Inputs!$B$14,1.6,1) -> 1440 | N27: =Inputs!$B$22 -> 350 | O27: =Inputs!$B$23 -> 250 | P27: =Inputs!$B$24 -> 80 | Q27: =IF(A27<=6,Inputs!$B$25,Inputs!$B$26) -> 350 | R27: =Inputs!$B$27 -> 60 | S27: =Inputs!$B$28 -> 150 | T27: =IF(A27>=Inputs!$B$14,Inputs!$B$17,0) -> 1400 | U27: =Inputs!$B$29 -> 50 | V27: =SUM(K27:U27) -> 10830 | W27: =J27-V27 -> 7704.2003 | X27: =Inputs!$B$30/(Inputs!$B$31*12) -> 1350 | Y27: =IPMT(Inputs!$B$5/12,A27,Inputs!$B$6*12,-Inputs!$B$4) -> 645.63733 | Z27: =W27-X27-Y27 -> 5708.5629 | AA27: =PPMT(Inputs!$B$5/12,A27,Inputs!$B$6*12,-Inputs!$B$4) -> 501.31015 | AB27: =W27-Y27-AA27 -> 6557.2528 | AC27: =AC26+AB27 -> 83151.465
A28: 27 | B28: =INT((A28-1)/12)+1 -> 3 | C28: =Inputs!$B$13 -> 0.9 | D28: =Inputs!$B$8*(1+Inputs!$B$9)^(B28-1) -> 102.752 | E28: =Inputs!$B$10*Inputs!$B$11*C28 -> 118.8 | F28: =IF(A28>=Inputs!$B$14,Inputs!$B$16*Inputs!$B$11*C28,0) -> 79.2 | G28: =(E28+F28)*D28 -> 20344.896 | H28: =G28*Inputs!$B$19 -> 1220.6938 | I28: =G28*Inputs!$B$20 -> 590.00198 | J28: =G28-H28-I28 -> 18534.2 | K28: =IF(A28>=Inputs!$B$14,Inputs!$B$15,0) -> 3200 | L28: =Inputs!$B$18 -> 3500 | M28: =Inputs!$B$21*IF(A28>=Inputs!$B$14,1.6,1) -> 1440 | N28: =Inputs!$B$22 -> 350 | O28: =Inputs!$B$23 -> 250 | P28: =Inputs!$B$24 -> 80 | Q28: =IF(A28<=6,Inputs!$B$25,Inputs!$B$26) -> 350 | R28: =Inputs!$B$27 -> 60 | S28: =Inputs!$B$28 -> 150 | T28: =IF(A28>=Inputs!$B$14,Inputs!$B$17,0) -> 1400 | U28: =Inputs!$B$29 -> 50 | V28: =SUM(K28:U28) -> 10830 | W28: =J28-V28 -> 7704.2003 | X28: =Inputs!$B$30/(Inputs!$B$31*12) -> 1350 | Y28: =IPMT(Inputs!$B$5/12,A28,Inputs!$B$6*12,-Inputs!$B$4) -> 641.25086 | Z28: =W28-X28-Y28 -> 5712.9494 | AA28: =PPMT(Inputs!$B$5/12,A28,Inputs!$B$6*12,-Inputs!$B$4) -> 505.69661 | AB28: =W28-Y28-AA28 -> 6557.2528 | AC28: =AC27+AB28 -> 89708.718
A29: 28 | B29: =INT((A29-1)/12)+1 -> 3 | C29: =Inputs!$B$13 -> 0.9 | D29: =Inputs!$B$8*(1+Inputs!$B$9)^(B29-1) -> 102.752 | E29: =Inputs!$B$10*Inputs!$B$11*C29 -> 118.8 | F29: =IF(A29>=Inputs!$B$14,Inputs!$B$16*Inputs!$B$11*C29,0) -> 79.2 | G29: =(E29+F29)*D29 -> 20344.896 | H29: =G29*Inputs!$B$19 -> 1220.6938 | I29: =G29*Inputs!$B$20 -> 590.00198 | J29: =G29-H29-I29 -> 18534.2 | K29: =IF(A29>=Inputs!$B$14,Inputs!$B$15,0) -> 3200 | L29: =Inputs!$B$18 -> 3500 | M29: =Inputs!$B$21*IF(A29>=Inputs!$B$14,1.6,1) -> 1440 | N29: =Inputs!$B$22 -> 350 | O29: =Inputs!$B$23 -> 250 | P29: =Inputs!$B$24 -> 80 | Q29: =IF(A29<=6,Inputs!$B$25,Inputs!$B$26) -> 350 | R29: =Inputs!$B$27 -> 60 | S29: =Inputs!$B$28 -> 150 | T29: =IF(A29>=Inputs!$B$14,Inputs!$B$17,0) -> 1400 | U29: =Inputs!$B$29 -> 50 | V29: =SUM(K29:U29) -> 10830 | W29: =J29-V29 -> 7704.2003 | X29: =Inputs!$B$30/(Inputs!$B$31*12) -> 1350 | Y29: =IPMT(Inputs!$B$5/12,A29,Inputs!$B$6*12,-Inputs!$B$4) -> 636.82602 | Z29: =W29-X29-Y29 -> 5717.3742 | AA29: =PPMT(Inputs!$B$5/12,A29,Inputs!$B$6*12,-Inputs!$B$4) -> 510.12146 | AB29: =W29-Y29-AA29 -> 6557.2528 | AC29: =AC28+AB29 -> 96265.971
A30: 29 | B30: =INT((A30-1)/12)+1 -> 3 | C30: =Inputs!$B$13 -> 0.9 | D30: =Inputs!$B$8*(1+Inputs!$B$9)^(B30-1) -> 102.752 | E30: =Inputs!$B$10*Inputs!$B$11*C30 -> 118.8 | F30: =IF(A30>=Inputs!$B$14,Inputs!$B$16*Inputs!$B$11*C30,0) -> 79.2 | G30: =(E30+F30)*D30 -> 20344.896 | H30: =G30*Inputs!$B$19 -> 1220.6938 | I30: =G30*Inputs!$B$20 -> 590.00198 | J30: =G30-H30-I30 -> 18534.2 | K30: =IF(A30>=Inputs!$B$14,Inputs!$B$15,0) -> 3200 | L30: =Inputs!$B$18 -> 3500 | M30: =Inputs!$B$21*IF(A30>=Inputs!$B$14,1.6,1) -> 1440 | N30: =Inputs!$B$22 -> 350 | O30: =Inputs!$B$23 -> 250 | P30: =Inputs!$B$24 -> 80 | Q30: =IF(A30<=6,Inputs!$B$25,Inputs!$B$26) -> 350 | R30: =Inputs!$B$27 -> 60 | S30: =Inputs!$B$28 -> 150 | T30: =IF(A30>=Inputs!$B$14,Inputs!$B$17,0) -> 1400 | U30: =Inputs!$B$29 -> 50 | V30: =SUM(K30:U30) -> 10830 | W30: =J30-V30 -> 7704.2003 | X30: =Inputs!$B$30/(Inputs!$B$31*12) -> 1350 | Y30: =IPMT(Inputs!$B$5/12,A30,Inputs!$B$6*12,-Inputs!$B$4) -> 632.36245 | Z30: =W30-X30-Y30 -> 5721.8378 | AA30: =PPMT(Inputs!$B$5/12,A30,Inputs!$B$6*12,-Inputs!$B$4) -> 514.58502 | AB30: =W30-Y30-AA30 -> 6557.2528 | AC30: =AC29+AB30 -> 102823.22
A31: 30 | B31: =INT((A31-1)/12)+1 -> 3 | C31: =Inputs!$B$13 -> 0.9 | D31: =Inputs!$B$8*(1+Inputs!$B$9)^(B31-1) -> 102.752 | E31: =Inputs!$B$10*Inputs!$B$11*C31 -> 118.8 | F31: =IF(A31>=Inputs!$B$14,Inputs!$B$16*Inputs!$B$11*C31,0) -> 79.2 | G31: =(E31+F31)*D31 -> 20344.896 | H31: =G31*Inputs!$B$19 -> 1220.6938 | I31: =G31*Inputs!$B$20 -> 590.00198 | J31: =G31-H31-I31 -> 18534.2 | K31: =IF(A31>=Inputs!$B$14,Inputs!$B$15,0) -> 3200 | L31: =Inputs!$B$18 -> 3500 | M31: =Inputs!$B$21*IF(A31>=Inputs!$B$14,1.6,1) -> 1440 | N31: =Inputs!$B$22 -> 350 | O31: =Inputs!$B$23 -> 250 | P31: =Inputs!$B$24 -> 80 | Q31: =IF(A31<=6,Inputs!$B$25,Inputs!$B$26) -> 350 | R31: =Inputs!$B$27 -> 60 | S31: =Inputs!$B$28 -> 150 | T31: =IF(A31>=Inputs!$B$14,Inputs!$B$17,0) -> 1400 | U31: =Inputs!$B$29 -> 50 | V31: =SUM(K31:U31) -> 10830 | W31: =J31-V31 -> 7704.2003 | X31: =Inputs!$B$30/(Inputs!$B$31*12) -> 1350 | Y31: =IPMT(Inputs!$B$5/12,A31,Inputs!$B$6*12,-Inputs!$B$4) -> 627.85984 | Z31: =W31-X31-Y31 -> 5726.3404 | AA31: =PPMT(Inputs!$B$5/12,A31,Inputs!$B$6*12,-Inputs!$B$4) -> 519.08764 | AB31: =W31-Y31-AA31 -> 6557.2528 | AC31: =AC30+AB31 -> 109380.48
A32: 31 | B32: =INT((A32-1)/12)+1 -> 3 | C32: =Inputs!$B$13 -> 0.9 | D32: =Inputs!$B$8*(1+Inputs!$B$9)^(B32-1) -> 102.752 | E32: =Inputs!$B$10*Inputs!$B$11*C32 -> 118.8 | F32: =IF(A32>=Inputs!$B$14,Inputs!$B$16*Inputs!$B$11*C32,0) -> 79.2 | G32: =(E32+F32)*D32 -> 20344.896 | H32: =G32*Inputs!$B$19 -> 1220.6938 | I32: =G32*Inputs!$B$20 -> 590.00198 | J32: =G32-H32-I32 -> 18534.2 | K32: =IF(A32>=Inputs!$B$14,Inputs!$B$15,0) -> 3200 | L32: =Inputs!$B$18 -> 3500 | M32: =Inputs!$B$21*IF(A32>=Inputs!$B$14,1.6,1) -> 1440 | N32: =Inputs!$B$22 -> 350 | O32: =Inputs!$B$23 -> 250 | P32: =Inputs!$B$24 -> 80 | Q32: =IF(A32<=6,Inputs!$B$25,Inputs!$B$26) -> 350 | R32: =Inputs!$B$27 -> 60 | S32: =Inputs!$B$28 -> 150 | T32: =IF(A32>=Inputs!$B$14,Inputs!$B$17,0) -> 1400 | U32: =Inputs!$B$29 -> 50 | V32: =SUM(K32:U32) -> 10830 | W32: =J32-V32 -> 7704.2003 | X32: =Inputs!$B$30/(Inputs!$B$31*12) -> 1350 | Y32: =IPMT(Inputs!$B$5/12,A32,Inputs!$B$6*12,-Inputs!$B$4) -> 623.31782 | Z32: =W32-X32-Y32 -> 5730.8824 | AA32: =PPMT(Inputs!$B$5/12,A32,Inputs!$B$6*12,-Inputs!$B$4) -> 523.62965 | AB32: =W32-Y32-AA32 -> 6557.2528 | AC32: =AC31+AB32 -> 115937.73
A33: 32 | B33: =INT((A33-1)/12)+1 -> 3 | C33: =Inputs!$B$13 -> 0.9 | D33: =Inputs!$B$8*(1+Inputs!$B$9)^(B33-1) -> 102.752 | E33: =Inputs!$B$10*Inputs!$B$11*C33 -> 118.8 | F33: =IF(A33>=Inputs!$B$14,Inputs!$B$16*Inputs!$B$11*C33,0) -> 79.2 | G33: =(E33+F33)*D33 -> 20344.896 | H33: =G33*Inputs!$B$19 -> 1220.6938 | I33: =G33*Inputs!$B$20 -> 590.00198 | J33: =G33-H33-I33 -> 18534.2 | K33: =IF(A33>=Inputs!$B$14,Inputs!$B$15,0) -> 3200 | L33: =Inputs!$B$18 -> 3500 | M33: =Inputs!$B$21*IF(A33>=Inputs!$B$14,1.6,1) -> 1440 | N33: =Inputs!$B$22 -> 350 | O33: =Inputs!$B$23 -> 250 | P33: =Inputs!$B$24 -> 80 | Q33: =IF(A33<=6,Inputs!$B$25,Inputs!$B$26) -> 350 | R33: =Inputs!$B$27 -> 60 | S33: =Inputs!$B$28 -> 150 | T33: =IF(A33>=Inputs!$B$14,Inputs!$B$17,0) -> 1400 | U33: =Inputs!$B$29 -> 50 | V33: =SUM(K33:U33) -> 10830 | W33: =J33-V33 -> 7704.2003 | X33: =Inputs!$B$30/(Inputs!$B$31*12) -> 1350 | Y33: =IPMT(Inputs!$B$5/12,A33,Inputs!$B$6*12,-Inputs!$B$4) -> 618.73606 | Z33: =W33-X33-Y33 -> 5735.4642 | AA33: =PPMT(Inputs!$B$5/12,A33,Inputs!$B$6*12,-Inputs!$B$4) -> 528.21141 | AB33: =W33-Y33-AA33 -> 6557.2528 | AC33: =AC32+AB33 -> 122494.98
A34: 33 | B34: =INT((A34-1)/12)+1 -> 3 | C34: =Inputs!$B$13 -> 0.9 | D34: =Inputs!$B$8*(1+Inputs!$B$9)^(B34-1) -> 102.752 | E34: =Inputs!$B$10*Inputs!$B$11*C34 -> 118.8 | F34: =IF(A34>=Inputs!$B$14,Inputs!$B$16*Inputs!$B$11*C34,0) -> 79.2 | G34: =(E34+F34)*D34 -> 20344.896 | H34: =G34*Inputs!$B$19 -> 1220.6938 | I34: =G34*Inputs!$B$20 -> 590.00198 | J34: =G34-H34-I34 -> 18534.2 | K34: =IF(A34>=Inputs!$B$14,Inputs!$B$15,0) -> 3200 | L34: =Inputs!$B$18 -> 3500 | M34: =Inputs!$B$21*IF(A34>=Inputs!$B$14,1.6,1) -> 1440 | N34: =Inputs!$B$22 -> 350 | O34: =Inputs!$B$23 -> 250 | P34: =Inputs!$B$24 -> 80 | Q34: =IF(A34<=6,Inputs!$B$25,Inputs!$B$26) -> 350 | R34: =Inputs!$B$27 -> 60 | S34: =Inputs!$B$28 -> 150 | T34: =IF(A34>=Inputs!$B$14,Inputs!$B$17,0) -> 1400 | U34: =Inputs!$B$29 -> 50 | V34: =SUM(K34:U34) -> 10830 | W34: =J34-V34 -> 7704.2003 | X34: =Inputs!$B$30/(Inputs!$B$31*12) -> 1350 | Y34: =IPMT(Inputs!$B$5/12,A34,Inputs!$B$6*12,-Inputs!$B$4) -> 614.11421 | Z34: =W34-X34-Y34 -> 5740.086 | AA34: =PPMT(Inputs!$B$5/12,A34,Inputs!$B$6*12,-Inputs!$B$4) -> 532.83326 | AB34: =W34-Y34-AA34 -> 6557.2528 | AC34: =AC33+AB34 -> 129052.23
A35: 34 | B35: =INT((A35-1)/12)+1 -> 3 | C35: =Inputs!$B$13 -> 0.9 | D35: =Inputs!$B$8*(1+Inputs!$B$9)^(B35-1) -> 102.752 | E35: =Inputs!$B$10*Inputs!$B$11*C35 -> 118.8 | F35: =IF(A35>=Inputs!$B$14,Inputs!$B$16*Inputs!$B$11*C35,0) -> 79.2 | G35: =(E35+F35)*D35 -> 20344.896 | H35: =G35*Inputs!$B$19 -> 1220.6938 | I35: =G35*Inputs!$B$20 -> 590.00198 | J35: =G35-H35-I35 -> 18534.2 | K35: =IF(A35>=Inputs!$B$14,Inputs!$B$15,0) -> 3200 | L35: =Inputs!$B$18 -> 3500 | M35: =Inputs!$B$21*IF(A35>=Inputs!$B$14,1.6,1) -> 1440 | N35: =Inputs!$B$22 -> 350 | O35: =Inputs!$B$23 -> 250 | P35: =Inputs!$B$24 -> 80 | Q35: =IF(A35<=6,Inputs!$B$25,Inputs!$B$26) -> 350 | R35: =Inputs!$B$27 -> 60 | S35: =Inputs!$B$28 -> 150 | T35: =IF(A35>=Inputs!$B$14,Inputs!$B$17,0) -> 1400 | U35: =Inputs!$B$29 -> 50 | V35: =SUM(K35:U35) -> 10830 | W35: =J35-V35 -> 7704.2003 | X35: =Inputs!$B$30/(Inputs!$B$31*12) -> 1350 | Y35: =IPMT(Inputs!$B$5/12,A35,Inputs!$B$6*12,-Inputs!$B$4) -> 609.45192 | Z35: =W35-X35-Y35 -> 5744.7483 | AA35: =PPMT(Inputs!$B$5/12,A35,Inputs!$B$6*12,-Inputs!$B$4) -> 537.49555 | AB35: =W35-Y35-AA35 -> 6557.2528 | AC35: =AC34+AB35 -> 135609.49
A36: 35 | B36: =INT((A36-1)/12)+1 -> 3 | C36: =Inputs!$B$13 -> 0.9 | D36: =Inputs!$B$8*(1+Inputs!$B$9)^(B36-1) -> 102.752 | E36: =Inputs!$B$10*Inputs!$B$11*C36 -> 118.8 | F36: =IF(A36>=Inputs!$B$14,Inputs!$B$16*Inputs!$B$11*C36,0) -> 79.2 | G36: =(E36+F36)*D36 -> 20344.896 | H36: =G36*Inputs!$B$19 -> 1220.6938 | I36: =G36*Inputs!$B$20 -> 590.00198 | J36: =G36-H36-I36 -> 18534.2 | K36: =IF(A36>=Inputs!$B$14,Inputs!$B$15,0) -> 3200 | L36: =Inputs!$B$18 -> 3500 | M36: =Inputs!$B$21*IF(A36>=Inputs!$B$14,1.6,1) -> 1440 | N36: =Inputs!$B$22 -> 350 | O36: =Inputs!$B$23 -> 250 | P36: =Inputs!$B$24 -> 80 | Q36: =IF(A36<=6,Inputs!$B$25,Inputs!$B$26) -> 350 | R36: =Inputs!$B$27 -> 60 | S36: =Inputs!$B$28 -> 150 | T36: =IF(A36>=Inputs!$B$14,Inputs!$B$17,0) -> 1400 | U36: =Inputs!$B$29 -> 50 | V36: =SUM(K36:U36) -> 10830 | W36: =J36-V36 -> 7704.2003 | X36: =Inputs!$B$30/(Inputs!$B$31*12) -> 1350 | Y36: =IPMT(Inputs!$B$5/12,A36,Inputs!$B$6*12,-Inputs!$B$4) -> 604.74883 | Z36: =W36-X36-Y36 -> 5749.4514 | AA36: =PPMT(Inputs!$B$5/12,A36,Inputs!$B$6*12,-Inputs!$B$4) -> 542.19864 | AB36: =W36-Y36-AA36 -> 6557.2528 | AC36: =AC35+AB36 -> 142166.74
A37: 36 | B37: =INT((A37-1)/12)+1 -> 3 | C37: =Inputs!$B$13 -> 0.9 | D37: =Inputs!$B$8*(1+Inputs!$B$9)^(B37-1) -> 102.752 | E37: =Inputs!$B$10*Inputs!$B$11*C37 -> 118.8 | F37: =IF(A37>=Inputs!$B$14,Inputs!$B$16*Inputs!$B$11*C37,0) -> 79.2 | G37: =(E37+F37)*D37 -> 20344.896 | H37: =G37*Inputs!$B$19 -> 1220.6938 | I37: =G37*Inputs!$B$20 -> 590.00198 | J37: =G37-H37-I37 -> 18534.2 | K37: =IF(A37>=Inputs!$B$14,Inputs!$B$15,0) -> 3200 | L37: =Inputs!$B$18 -> 3500 | M37: =Inputs!$B$21*IF(A37>=Inputs!$B$14,1.6,1) -> 1440 | N37: =Inputs!$B$22 -> 350 | O37: =Inputs!$B$23 -> 250 | P37: =Inputs!$B$24 -> 80 | Q37: =IF(A37<=6,Inputs!$B$25,Inputs!$B$26) -> 350 | R37: =Inputs!$B$27 -> 60 | S37: =Inputs!$B$28 -> 150 | T37: =IF(A37>=Inputs!$B$14,Inputs!$B$17,0) -> 1400 | U37: =Inputs!$B$29 -> 50 | V37: =SUM(K37:U37) -> 10830 | W37: =J37-V37 -> 7704.2003 | X37: =Inputs!$B$30/(Inputs!$B$31*12) -> 1350 | Y37: =IPMT(Inputs!$B$5/12,A37,Inputs!$B$6*12,-Inputs!$B$4) -> 600.00459 | Z37: =W37-X37-Y37 -> 5754.1957 | AA37: =PPMT(Inputs!$B$5/12,A37,Inputs!$B$6*12,-Inputs!$B$4) -> 546.94288 | AB37: =W37-Y37-AA37 -> 6557.2528 | AC37: =AC36+AB37 -> 148723.99

Sheet Annual
A1: Metric | B1: Year 1 | C1: Year 2 | D1: Year 3
A2: Revenue | B2: =SUMIF(Monthly!$B$2:$B$37,1,Monthly!G$2:G$37) -> 104458.2 | C2: =SUMIF(Monthly!$B$2:$B$37,2,Monthly!G$2:G$37) -> 137719.3 | D2: =SUMIF(Monthly!$B$2:$B$37,3,Monthly!G$2:G$37) -> 244138.75
A3: Gross profit | B3: =SUMIF(Monthly!$B$2:$B$37,1,Monthly!J$2:J$37) -> 95161.42 | C3: =SUMIF(Monthly!$B$2:$B$37,2,Monthly!J$2:J$37) -> 125462.28 | D3: =SUMIF(Monthly!$B$2:$B$37,3,Monthly!J$2:J$37) -> 222410.4
A4: Total opex | B4: =SUMIF(Monthly!$B$2:$B$37,1,Monthly!V$2:V$37) -> 69780 | C4: =SUMIF(Monthly!$B$2:$B$37,2,Monthly!V$2:V$37) -> 68280 | D4: =SUMIF(Monthly!$B$2:$B$37,3,Monthly!V$2:V$37) -> 129960
A5: EBITDA | B5: =SUMIF(Monthly!$B$2:$B$37,1,Monthly!W$2:W$37) -> 25381.42 | C5: =SUMIF(Monthly!$B$2:$B$37,2,Monthly!W$2:W$37) -> 57182.279 | D5: =SUMIF(Monthly!$B$2:$B$37,3,Monthly!W$2:W$37) -> 92450.403
A6: Depreciation | B6: =SUMIF(Monthly!$B$2:$B$37,1,Monthly!X$2:X$37) -> 16200 | C6: =SUMIF(Monthly!$B$2:$B$37,2,Monthly!X$2:X$37) -> 16200 | D6: =SUMIF(Monthly!$B$2:$B$37,3,Monthly!X$2:X$37) -> 16200
A7: Interest | B7: =SUMIF(Monthly!$B$2:$B$37,1,Monthly!Y$2:Y$37) -> 8685.2265 | C7: =SUMIF(Monthly!$B$2:$B$37,2,Monthly!Y$2:Y$37) -> 8125.5976 | D7: =SUMIF(Monthly!$B$2:$B$37,3,Monthly!Y$2:Y$37) -> 7504.2957
A8: Net income (pre-tax) | B8: =SUMIF(Monthly!$B$2:$B$37,1,Monthly!Z$2:Z$37) -> 496.19369 | C8: =SUMIF(Monthly!$B$2:$B$37,2,Monthly!Z$2:Z$37) -> 32856.681 | D8: =SUMIF(Monthly!$B$2:$B$37,3,Monthly!Z$2:Z$37) -> 68746.107
A9: Principal | B9: =SUMIF(Monthly!$B$2:$B$37,1,Monthly!AA$2:AA$37) -> 5078.1432 | C9: =SUMIF(Monthly!$B$2:$B$37,2,Monthly!AA$2:AA$37) -> 5637.7721 | D9: =SUMIF(Monthly!$B$2:$B$37,3,Monthly!AA$2:AA$37) -> 6259.074
A10: Cash flow after debt service | B10: =SUMIF(Monthly!$B$2:$B$37,1,Monthly!AB$2:AB$37) -> 11618.051 | C10: =SUMIF(Monthly!$B$2:$B$37,2,Monthly!AB$2:AB$37) -> 43418.909 | D10: =SUMIF(Monthly!$B$2:$B$37,3,Monthly!AB$2:AB$37) -> 78687.033
A11: Annual debt service | B11: =12*PMT(Inputs!$B$5/12,Inputs!$B$6*12,-Inputs!$B$4) -> 13763.37 | C11: =12*PMT(Inputs!$B$5/12,Inputs!$B$6*12,-Inputs!$B$4) -> 13763.37 | D11: =12*PMT(Inputs!$B$5/12,Inputs!$B$6*12,-Inputs!$B$4) -> 13763.37
A12: DSCR (EBITDA / debt service) | B12: =B5/B11 -> 1.8441283 | C12: =C5/C11 -> 4.1546714 | D12: =D5/D11 -> 6.7171343
A13: Ending cash (incl. reserve) | B13: =Monthly!AC13 -> 26618.051 | C13: =Monthly!AC25 -> 70036.96 | D13: =Monthly!AC37 -> 148723.99

Sheet Break-even
A1: Monthly fixed costs at year-1 run-rate (owner draw + fixed opex + debt service)
A2: Fixed costs/month | B2: =Inputs!$B$18+Inputs!$B$21+Inputs!$B$22+Inputs!$B$23+Inputs!$B$24+Inputs!$B$26+Inputs!$B$27+Inputs!$B$28+Inputs!$B$29+PMT(Inputs!$B$5/12,Inputs!$B$6*12,-Inputs!$B$4) -> 6836.9475
A3: Contribution per groom (year 1) | B3: =Inputs!$B$8*(1-Inputs!$B$19-Inputs!$B$20) -> 86.545
A4: Break-even grooms/month | B4: =B2/B3 -> 78.998758
A5: Break-even grooms/working day | B5: =B4/Inputs!$B$11 -> 3.5908526
A6: Break-even utilization of owner van | B6: =B5/Inputs!$B$10 -> 0.59847544
